Map: Oceanborn LE

Players

Subwayeatn

  • Race: Zerg Zerg
  • League: Platinum
  • Spawn Location: 5:00

Shadow - Winner!

  • Race: Terran Terran
  • League: Platinum
  • Spawn Location: 11:00

VOD

Have the link to the VOD?

Description

Time

  • Played on: Nov. 3, 2023, 12:51 p.m.
  • Length: 13:26
Show
View Real Time Build Order
Export as new Build Order

Subwayeatn Zerg 

Build Orders: Hatch First, Lurkers 

Get SALT Encoding   

  12  0:00  Drone  
  13  0:12  Overlord  
  13  0:17  Drone  
  14  0:32  Drone x2  
  16  0:50  Hatchery  
  16  0:55  Drone  
  16  0:56  Drone  
  17  1:00  Drone  
  17  1:04  Extractor  
  17  1:21  Spawning Pool  
  16  1:30  Drone x3  
  19  1:45  Overlord  
  19  1:51  Drone  
  20  2:08  Queen  
  20  2:09  Queen  
  20  2:11  Zergling x4  
  26  2:19  Drone  
  27  2:24  Metabolic Boost  
  27  2:44  Drone x5, Queen  
  34  2:56  Zergling x4  
  36  3:08  Overlord  
  36  3:19  Spine Crawler  
  33  3:39  Zergling x4  
  33  3:59  Spine Crawler  
  32  4:05  Hatchery  
  32  4:06  Baneling Nest  
  32  4:07  Drone x3  
  32  4:08  Drone x7  
  40  4:17  Queen  
  40  4:22  Drone  
  43  4:24  Overlord  
  43  4:28  Overlord  
  42  4:50  Lair  
  42  4:53  Pneumatized Carapace  
  42  5:04  Drone x2  
  42  5:05  Drone x9  
  53  5:18  Zergling x2  
  54  5:22  Queen  
  54  5:25  Spine Crawler  
  55  5:29  Overlord  
  54  5:35  Queen  
  54  5:41  Extractor  
  55  5:43  Drone x10, Extractor  
  55  5:44  Extractor  
  63  5:52  Drone x2  
  63  5:53  Drone  
  63  5:54  Drone x3  
  69  5:58  Drone  
  69  6:03  Drone  
  71  6:07  Drone x2  
  71  6:08  Hydralisk Den  
  72  6:15  Evolution Chamber x2  
  70  6:21  Overseer  
  70  6:31  Drone x4  
  74  6:33  Overlord  
  74  6:35  Overlord  
  74  6:37  Overlord  
  74  6:41  Grooved Spines  
  74  6:42  Zerg Missile Weapons Level 1  
  74  6:43  Zerg Melee Weapons Level 1  
  74  6:46  Overseer  
  74  6:48  Overseer  
  74  6:50  Overseer  
  74  6:52  Drone  
  74  6:53  Drone x7  
  74  6:54  Drone x2, Extractor  
  83  7:05  Overseer  
  83  7:08  Hatchery  
  82  7:15  Extractor, Overlord  
  81  7:25  Drone x2  
  82  7:31  Muscular Augments  
  82  7:32  Lurker Den  
  81  7:49  Hydralisk, Infestation Pit  
  81  7:50  Hydralisk x11  
  104  8:06  Hydralisk  
  104  8:09  Overlord  
  104  8:12  Overlord  
  106  8:19  Drone, Spine Crawler  
  106  8:20  Overlord  
  106  8:22  Overlord  
  98  8:50  Queen x3  
  98  8:55  Hatchery  
  103  9:09  Spine Crawler  
  102  9:11  Lurker  
  102  9:12  Lurker  
  102  9:13  Lurker  
  102  9:15  Lurker  
  102  9:16  Lurker, Hatchery  
  106  9:18  Zerg Melee Weapons Level 2  
  106  9:20  Zerg Missile Weapons Level 2  
  106  9:25  Queen  
  106  9:30  Overlord  
  108  9:57  Hydralisk x14  
  108  9:58  Hydralisk x5  
  146  10:06  Overlord  
  146  10:07  Overlord x3  
  146  10:13  Queen  
  113  10:41  Overseer  
  107  10:44  Queen  
  109  10:54  Zergling x2  
  109  10:55  Zergling x28  
  124  11:01  Hive  
  124  11:29  Spine Crawler  
  124  11:31  Spine Crawler  
  109  11:45  Zergling x18  
  109  11:46  Zergling x18  
  122  11:52  Baneling x2  
  122  11:53  Baneling x6  
  122  12:00  Drone x3  
  122  12:01  Drone x2  
  127  12:03  Extractor  
  127  12:05  Extractor  
  125  12:20  Baneling x5  
  125  12:21  Baneling x17  
  125  12:31  Drone x3  
  125  12:32  Overlord x3  
  125  12:36  Overseer x2  
  128  12:39  Hydralisk  
  128  12:41  Viper x3  
  128  12:42  Viper, Spine Crawler  
Show
View Real Time Build Order
Export as new Build Order

Shadow Terran - Winner!

Build Orders:  

Get SALT Encoding   

  12  0:00  SCV  
  13  0:12  SCV  
  14  0:19  Supply Depot  
  14  0:24  SCV  
  15  0:40  SCV  
  15  0:42  Barracks  
  16  0:49  Refinery  
  16  0:53  SCV  
  17  1:03  Barracks  
  17  1:08  SCV  
  18  1:17  Refinery  
  18  1:23  SCV  
  19  1:33  Reaper  
  19  1:39  SCV  
  21  1:51  Supply Depot  
  21  1:53  Reaper  
  22  1:56  Orbital Command  
  22  2:05  Reaper  
  23  2:22  SCV  
  24  2:26  Reaper  
  25  2:34  SCV  
  26  2:43  Marine  
  27  2:46  SCV  
  28  2:57  Command Center  
  28  2:58  SCV  
  29  3:07  Barracks Tech Lab  
  29  3:10  SCV  
  30  3:24  SCV  
  31  3:29  Factory  
  31  3:31  Supply Depot  
  31  3:33  Engineering Bay  
  31  3:41  SCV  
  31  3:53  SCV  
  32  4:04  Marine  
  32  4:05  SCV  
  32  4:06  Barracks Reactor  
  32  4:07  Bunker  
  32  4:09  Orbital Command  
  34  4:14  Terran Infantry Weapons Level 1  
  34  4:17  Factory Tech Lab, SCV  
  34  4:22  Marine  
  36  4:29  SCV  
  37  4:41  SCV  
  37  4:52  Marine x3  
  38  4:53  SCV  
  38  4:54  Stimpack  
  39  5:00  SCV  
  39  5:02  Refinery  
  39  5:04  Siege Tank, Refinery  
  39  5:05  SCV  
  44  5:09  Starport  
  44  5:10  Reaper  
  44  5:12  SCV  
  46  5:17  SCV, Marine  
  46  5:18  Marine  
  49  5:24  Supply Depot, SCV  
  50  5:30  SCV  
  51  5:35  Marine x2  
  51  5:36  SCV  
  54  5:46  SCV, Marine  
  54  5:47  Command Center  
  54  5:48  SCV  
  57  5:53  Marine x2  
  59  5:58  Starport Reactor  
  59  5:59  Siege Tank  
  59  6:04  Engineering Bay  
  62  6:07  Armory  
  62  6:10  Terran Infantry Armor Level 1  
  62  6:11  Supply Depot  
  62  6:13  Supply Depot  
  62  6:14  Supply Depot  
  62  6:33  Siege Tank, Marine x3  
  62  6:35  Medivac x2  
  62  6:37  SCV x2  
  74  6:49  SCV x2  
  74  6:50  Barracks  
  74  6:51  Marine x3  
  80  7:01  SCV  
  80  7:18  Marine x3  
  80  7:21  Planetary Fortress  
  83  7:27  SCV x2  
  85  7:36  Marine x3  
  88  7:39  SCV  
  88  7:40  Barracks Tech Lab, SCV  
  88  7:41  Medivac x2  
  94  7:44  Terran Infantry Weapons Level 2  
  94  7:52  SCV x2  
  96  8:02  Marine x3  
  96  8:04  SCV x2  
  101  8:12  Combat Shield  
  101  8:17  Terran Vehicle Weapons Level 1  
  101  8:20  Barracks  
  101  8:21  Barracks x2  
  101  8:23  Supply Depot  
  101  8:24  Supply Depot  
  101  8:25  Supply Depot  
  101  8:42  SCV, Marine  
  101  8:43  Marine  
  101  8:44  Marine, SCV  
  101  8:45  SCV, Marine  
  101  8:46  Supply Depot  
  93  8:54  SCV  
  93  8:55  Terran Infantry Armor Level 2  
  94  8:56  SCV  
  94  8:57  SCV  
  94  8:59  Marine, Refinery  
  94  9:00  Refinery  
  94  9:01  Marine  
  94  9:02  Marine  
  99  9:03  Marine  
  99  9:06  SCV  
  99  9:07  Medivac x2  
  99  9:09  Siege Tank, Command Center  
  108  9:11  SCV  
  108  9:12  SCV  
  108  9:13  Marine x2  
  112  9:17  Marine  
  113  9:28  Marine  
  115  9:31  Barracks Reactor  
  115  9:33  Barracks Reactor  
  115  9:34  Barracks Tech Lab  
  115  9:37  Medivac x2  
  115  9:38  Marine x2  
  120  10:00  Command Center  
  120  10:01  Marine  
  120  10:02  Marine x2  
  120  10:03  Command Center, Concussive Shells  
  120  10:05  Terran Infantry Weapons Level 3  
  124  10:07  SCV x3  
  124  10:08  Siege Tank  
  124  10:09  Medivac  
  131  10:19  SCV x2  
  124  10:34  Marine x7  
  124  10:35  Marine x2  
  123  10:40  Siege Tank  
  117  10:42  SCV  
  117  10:51  Marine  
  117  10:52  Marine x7  
  117  10:53  Marine  
  126  11:07  Terran Vehicle Weapons Level 2  
  126  11:09  Command Center, Marine x3  
  126  11:10  Marine x6  
  135  11:27  Marine x4  
  135  11:28  Marine x5  
  135  11:45  Marine x4  
  139  11:50  SCV  
  139  11:51  Orbital Command, SCV x2  
  139  11:53  Orbital Command  
  142  11:58  Planetary Fortress  
  142  11:59  Marine x2  
  142  12:00  Marine x3  
  147  12:02  SCV  
  147  12:03  SCV x2, Marine x2  
  152  12:15  SCV x3  
  155  12:17  Marine x5  
  155  12:18  Marine x2  
  155  12:20  Marine  
  155  12:21  Marine  
  164  12:23  SCV  
  164  12:24  SCV  
  164  12:26  Orbital Command  
  164  12:27  SCV  
  167  12:35  Marine x6  
  167  12:36  Marine  
  174  12:38  Marine x2  
  175  12:52  Marine x2  
  175  12:53  Marine  
  140  13:05  Marine x5  
  136  13:06  Marine  
Tags
 
Composition
Lurkers
Matchup
TvZ
Replay Pack
Multiplayer
Spawn Locations
Cross Positions
Add a new tag
Caveats
  • Supply blocks, unpowered buildings, or Contaminate may cause inaccurate times.
  • Supply counts are checked every 10 seconds.